 Dungeon Crawl Stone Soup version 0.18-a0-1702-gd20c6a5 (webtiles) character file.

523 Chiseanne the Skirmisher (level 7, -1/56 HPs)
             Began as a Demonspawn Wanderer on Apr 6, 2016.
             Slain by a wight
             ... wielding a +0 battleaxe
              (6 damage)
             ... on level 5 of the Dungeon.
             The game lasted 00:13:26 (4722 turns).

Chiseanne the Skirmisher (Demonspawn Wanderer)      Turns: 4722, Time: 00:13:28

Health: -1/56      AC: 10    Str: 13    XL:     7   Next: 2%
Magic:  7/7        EV: 13    Int: 14    God:
Gold:   354        SH:  0    Dex: 15    Spells: 0 memorised, 6 levels left

rFire  . . .     SeeInvis .     p - +0 quarterstaff
rCold  . . .     Gourm    .     c - +1 ring mail
rNeg   . . .     Faith    .     (shield currently unavailable)
rPois  +         Spirit   .     h - +1 helmet
rElec  .         Dismiss  .     (no cloak)
rCorr  .         Reflect  .     s - +0 pair of gloves
SustAt .         Harm     .     o - +0 pair of boots
MR     +....     Rnd*Rage +     r - amulet of rage
Stlth  +.........               (no ring)
                                j - ring of protection from magic

@: heavily drained, somewhat resistant to hostile enchantments, very unstealthy
A: talons 1, repulsion field 1, berserk 1, clever 1, demonic guardian 1, poison
resistance
a: Evoke Berserk Rage


You were on level 5 of the Dungeon.
You were not hungry.

You visited 1 branch of the dungeon, and saw 5 of its levels.

You collected 354 gold pieces.

Inventory:

Hand Weapons
 p - a +0 quarterstaff (weapon)
 q - a +2 dagger of pain
 w - a +0 blowgun
Missiles
 d - 10 poisoned needles
 i - 59 sling bullets
 l - 45 arrows
 m - 4 javelins (quivered)
 y - 2 needles of sleeping
Armour
 c - a +1 ring mail (worn)
 h - a +1 helmet (worn)
 o - a +0 pair of boots (worn)
 s - a +0 pair of gloves (worn)
 x - a +0 shield
Jewellery
 j - a ring of protection from magic (left hand)
 r - an amulet of rage (around neck)
 D - an uncursed amulet of regeneration {unknown}
Scrolls
 z - a scroll of amnesia
 C - a scroll of enchant armour
 E - 3 scrolls of immolation
Potions
 a - a potion of magic {unknown}
 b - a potion of haste
 e - a potion of cure mutation
 k - a potion of curing {unknown}
 n - a potion of resistance {unknown}
 t - 2 potions of flight {unknown}
 v - 2 potions of agility
 A - a potion of might {unknown}
Comestibles
 f - 5 bread rations
 g - 5 beef jerkies
 u - 2 royal jellies


   Skills:
 * Level 5.4(4.2) Fighting
   Level 1.0(0.0) Bows
 * Level 3.3(2.1) Throwing
 * Level 3.6(2.5) Armour
 * Level 3.2(2.1) Dodging
 - Level 1.0(0.0) Stealth
 - Level 1.0(0.0) Shields


You had 6 spell levels left.
You didn't know any spells.

Dungeon Overview and Level Annotations

Branches:
Dungeon (5/15)             Temple (0/1) D:5

Altars:
Ashenzari
Dithmenos
Elyvilon
Kikubaaqudgha
Ru
Vehumet

Annotations:
D:4 simok's ghost, novice DsHu


Innate Abilities, Weirdness & Mutations

You have sharp toenails.
You are surrounded by a mild repulsion field (EV +2).
A weak demonic guardian rushes to your aid.
You tend to lose your temper in combat.
Your mind is acute. (Int +2)
Your system is resistant to poisons.


Message History

The wight hits you with a flail.
* * * LOW HITPOINT WARNING * * *
You feel drained.
* * * LOW HITPOINT WARNING * * *
Your quasit barely misses the wight.
Your quasit closely misses the wight.
Your quasit claws the wight.
The wight barely misses you.
You barely miss the wight.
The wight is severely damaged.
Your quasit barely misses the wight. x2
Your quasit claws the wight but does no damage.
Your quasit barely misses the wight.
Your quasit closely misses the wight.
Your quasit claws the wight.
The wight hits you with a flail.
* * * LOW HITPOINT WARNING * * *
You hit the wight.
You destroy the wight!
You have reached level 7!
Your quasit bites the wight but does no damage.
Your quasit claws the wight but does no damage.
Your quasit closely misses the wight.
The wight hits you with a battleaxe.
You die...

######## #......# #.####.####
#...##.#..# ###.##.#..##
####.#......#
#....#..###.#### ###
#####.#...5###.##.# #######..
..........zz@..#..###........
.§###.#....##.............#..
......#....##..#..###........
#§§§§....#########..#..#.....
#§§§§......#8... ##.##.#..#..
#§.§.......#.... #....#.####
####.......#..> ######.....
#.......#... ###..#
#.......#.⌠. #...


You could see 2 wights and a friendly quasit.

Vanquished Creatures
  An ice beast (D:5)
  A phantom (D:4)
  3 wights (D:5)
  A howler monkey zombie (D:5)
  6 adders
  A shadow imp (D:5)
  An ooze (D:5)
  A worm (D:2)
  6 dart slugs (D:1)
  6 giant geckos
  6 orcs
  3 giant cockroaches
  6 goblins
  12 hobgoblins
  4 jackals (D:2)
  A quokka (D:4)
  5 bats
  A giant gecko skeleton (D:4)
  8 giant newts
  16 kobolds
  6 rats
95 creatures vanquished.

Vanquished Creatures (collateral kills)
  A hound (D:5)
  An orc wizard (D:4)
  2 orcs (D:4)
4 creatures vanquished.

Vanquished Creatures (others)
  A human (D:3)
  A plant (D:2)
2 creatures vanquished.

Grand Total: 101 creatures vanquished

Notes
Turn   | Place    | Note
--------------------------------------------------------------
     0 | D:1      | Chiseanne the Demonspawn Wanderer began the quest for the Orb.
     0 | D:1      | Chiseanne set off with: a +2 dagger, a potion of haste, a +0 ring mail, 10 poisoned needles, a +0 blowgun, a bread ration
     0 | D:1      | Reached XP level 1. HP: 19/19 MP: 1/1
   221 | D:1      | Gained mutation: You have sharp toenails. [demonic ancestry]
   221 | D:1      | Reached XP level 2. HP: 20/25 MP: 2/2
   620 | D:1      | Reached XP level 3. HP: 29/30 MP: 3/3
   769 | D:1      | Reached skill level 1 in Dodging
  1358 | D:2      | Found a radiant altar of Vehumet.
  1604 | D:2      | Found a white marble altar of Elyvilon.
  1694 | D:2      | Gained mutation: A weak demonic guardian rushes to your aid. [demonic ancestry]
  1694 | D:2      | Reached XP level 4. HP: 28/38 MP: 4/4
  1803 | D:2      | Found a shattered altar of Ashenzari.
  1810 | D:2      | Found a sacrificial altar of Ru.
  2923 | D:3      | Gained mutation: You tend to lose your temper in combat. [potion of mutation]
  2923 | D:3      | Gained mutation: Your system is resistant to poisons. [potion of mutation]
  2923 | D:3      | Gained mutation: Your mind is acute. (Int +2) [potion of mutation]
  3007 | D:3      | Gained mutation: You are surrounded by a mild repulsion field (EV +2). [demonic ancestry]
  3007 | D:3      | Reached XP level 5. HP: 43/43 MP: 5/5
  3116 | D:3      | Found an ancient bone altar of Kikubaaqudgha.
  3122 | D:3      | Noticed a human
  3124 | D:3      | Killed a human
  3342 | D:4      | Noticed simok's ghost (novice DsHu)
  3362 | D:5      | Entered Level 5 of the Dungeon
  3711 | D:4      | Noticed a phantom
  3783 | D:4      | Killed a phantom
  3783 | D:4      | Reached skill level 5 in Fighting
  3888 | D:4      | Reached XP level 6. HP: 51/51 MP: 6/6
  4424 | D:5      | Noticed an ice beast
  4431 | D:5      | Killed an ice beast
  4588 | D:5      | Found a shadowy altar of Dithmenos.
  4603 | D:5      | Found a staircase to the Ecumenical Temple.
  4722 | D:5      | Reached XP level 7. HP: 5/56 MP: 7/7
  4722 | D:5      | Slain by a wight

Vault maps used:
D:1:      minmay_arrival_solitary_statue, serial_glass, glass_columns_b,
          glass_columns_a, minmay_liquid_box, minmay_ruptured
D:2:      amethyst_overflow_temple_binary, grunt_temple_overflow_open,
          lexackson_kobold_supper
D:3:      tgw_kikubaaqudgha
D:5:      grunt_dithmenos_smoke, minmay_temple_entry_from_below_b, first_bread,
          grunt_ministairs_8, grunt_pakellas_sulfur

Skill      XL: |  1  2  3  4  5  6 |
---------------+-------------------+-----
Armour         | 2 3 |  3.6
Dodging        | 1 2 3 |  3.2
Throwing       | 2 3 |  3.3
Fighting       | 5 |  5.4
Bows           | |  1.0
Stealth        | |  1.0
Shields        | |  1.0

Action                   |  1- 3 |  4- 6 |  7- 9 || total
-------------------------+-------+-------+-------++-------
Melee: Dagger            |   193 |    82 |       ||   275
       Quarterstaff      |       |   192 |       ||   192
Throw: Javelin           |       |     1 |       ||     1
  Use: Scroll            |     6 |     8 |       ||    14
       Potion            |       |     1 |       ||     1
  Eat: Chunk             |     3 |    11 |       ||    14
